 Dungeon Sprint DCSS version 0.19-a0-1401-g902f63d (webtiles) character file.

1900000 poirepourri the Conqueror (level 18, -17/145 HPs)
             Began as a Gargoyle Fighter on Sept 4, 2016.
             Demolished by a meat berserker
             ... wielding a +9 battleaxe
              (45 damage)
             ... in the Dungeon (Sprint VIII: "Arena of Blood").
             The game lasted 00:00:49 (19 turns).

poirepourri the Conqueror (Gargoyle Fighter)          Turns: 19, Time: 00:00:50

Health: -17/145    AC: 20    Str: 24    XL:     18   Next: 82%
Magic:  16/41      EV: 20    Int: 10    God:
Gold:   0          SH:  0    Dex: 12    Spells: 0 memorised, 56 levels left

rFire  . . .     SeeInvis .     l - +∞ Axe of Woe
rCold  . . .     Gourm    .     b - +0 scale mail
rNeg   + . .     Faith    .     (shield currently unavailable)
rPois  ∞         Spirit   .     (no helmet)
rElec  +         Dismiss  .     (no cloak)
rCorr  .         Reflect  .     (no gloves)
MR     +....     Harm     .     (no boots)
Stlth  .......... NoTele   +    (no amulet)
                                (no ring)
                                (no ring)

@: no status effects
A: big wings, negative energy resistance 1, electricity resistance, unbreathing,
petrification resistance, rot immunity, AC +13
a: Fly


You were in the Dungeon.
You were not hungry.

You visited 1 branch

Inventory:

Hand Weapons
 a - a +0 war axe
 l - the +∞ Axe of Woe (weapon)
   (You found it in the Dungeon)
Armour
 b - a +0 scale mail (worn)
 c - a +0 shield
Scrolls
 k - a scroll of blinking
Potions
 d - a potion of might
 e - a potion of curing
 h - a potion of haste
 i - 2 potions of magic
 j - a potion of berserk rage
Comestibles
 f - a bread ration


   Skills:
 O Level 27 Fighting
 O Level 27 Axes
 + Level 19.7 Throwing
 - Level 3.2 Armour
 + Level 18.4 Dodging
 - Level 3.2 Shields
 + Level 21.2 Unarmed Combat
 + Level 19.7 Spellcasting


You had 56 spell levels left.
You didn't know any spells.

Dungeon Overview and Level Annotations

Branches:
Dungeon (1/1)

Altars:
Makhleb


Innate Abilities, Weirdness & Mutations

You are resistant to torment.
Your stone body is resilient. (AC +13)
You are immune to poison.
Your large and strong wings let you fly indefinitely.
You resist negative energy. (rN+)
You are resistant to electric shocks. (rElec)
You can survive without breathing.
You are immune to petrification.
You are immune to rotting.


Message History

2 orcs come into view. 2 orcs come into view.
The bag of meat shouts! x3; You hear a shout! x3
The bag of meat moves out of view.
The bag of meat appears out of thin air!
A bag of meat comes into view. It is wielding a +9 war axe.
The bag of meat appears out of thin air!
A bag of meat comes into view. It is wielding a +9 war axe.
You hear a shout! x2
The meat berserker hits you with a +9 battleaxe!!!
* * * LOW HITPOINT WARNING * * *
You hear a shout!
The bag of meat shouts! x2
Things that are here:
a +9 battleaxe; a +30 ring of slaying; a meat berserker corpse You feel much better.
You hear a shout! x8
The bag of meat hits you with a +9 war axe!
* * * LOW HITPOINT WARNING * * *
The meat berserker hits you with a +9 battleaxe!!!
You die...

... .. #.. .# .
#.. ..# ..###..
..###.
......###......
....._..o...
#.o)).# #_@o)_#
#ooO).#
....._......
.o....###o.....
..###.. ..###.
. #.. ..# #.o
o# ... o.


You could see a meat berserker (berserk) and 8 bags of meat.

Vanquished Creatures
  5 ogres (D)
  6 orcs (D)
11 creatures vanquished.

Notes
Turn   | Place    | Note
-------+----------+-------------------------------------------
     0 | D        | poirepourri the Gargoyle Fighter began the quest for the Orb.
     0 | D        | Reached XP level 1. HP: 14/14 MP: 1/1
     2 | D        | Noticed a bag of meat
     3 | D        | Noticed a bag of meat
     4 | D        | Noticed a bag of meat
     4 | D        | Noticed a bag of meat
     5 | D        | Noticed a bag of meat
     6 | D        | Noticed a bag of meat
     6 | D        | Noticed a meat berserker
     7 | D        | Killed a meat berserker
     7 | D        | Reached skill level 27 in Fighting
     7 | D        | Reached XP level 2. HP: 50/50 MP: 2/2
     7 | D        | Reached XP level 3. HP: 56/56 MP: 3/3
     7 | D        | Reached XP level 4. HP: 62/62 MP: 4/4
     7 | D        | Reached XP level 5. HP: 68/68 MP: 5/5
     7 | D        | Reached XP level 6. HP: 74/74 MP: 6/6
     7 | D        | Reached XP level 7. HP: 80/80 MP: 7/7
     7 | D        | Reached XP level 8. HP: 86/86 MP: 8/8
     7 | D        | Reached XP level 9. HP: 92/92 MP: 9/9
     7 | D        | Reached XP level 10. HP: 98/98 MP: 10/10
     7 | D        | Reached XP level 11. HP: 104/104 MP: 11/11
     7 | D        | Reached XP level 12. HP: 110/110 MP: 12/12
     7 | D        | Reached XP level 13. HP: 116/116 MP: 13/13
     8 | D        | Noticed a bag of meat
     8 | D        | Noticed a meat berserker
     8 | D        | Killed a bag of meat
     8 | D        | Gained mutation: Your large and strong wings let you fly indefinitely. [Gargoyle growth]
     8 | D        | Reached XP level 14. HP: 122/122 MP: 14/14
     9 | D        | Noticed a meat berserker
     9 | D        | Killed a bag of meat
    10 | D        | Killed a bag of meat
    10 | D        | Reached XP level 15. HP: 127/127 MP: 15/15
    11 | D        | Noticed a meat berserker
    11 | D        | Noticed a meat berserker
    11 | D        | Reached skill level 27 in Axes
    11 | D        | Reached XP level 16. HP: 133/133 MP: 15/26
    12 | D        | Reached skill level 10 in Unarmed Combat
    13 | D        | Noticed a meat berserker
    13 | D        | Killed a meat berserker
    13 | D        | Reached XP level 17. HP: 139/139 MP: 15/34
    15 | D        | Killed a meat berserker
    15 | D        | Reached skill level 15 in Throwing
    15 | D        | Reached skill level 15 in Spellcasting
    17 | D        | Killed a meat berserker
    17 | D        | Reached XP level 18. HP: 106/145 MP: 16/40
    17 | D        | Killed a meat berserker
    19 | D        | Demolished by a meat berserker

Vault maps used:
D:        meatsprint

Skill      XL: |  1  2  3  4  5  6  7  8  9 10 11 12 13 14 15 16 17 18 |
---------------+-------------------------------------------------------+-----
Fighting       | 27 | 27.0
Axes           | 17 21 26 27 | 27.0
Throwing       | 6 13 18 19 | 19.7
Dodging        | 6 12 16 18 | 18.4
Unarmed Combat | 7 14 19 21 | 21.2
Spellcasting   | 6 13 18 19 | 19.7
Armour         | |  3.2
Shields        | |  3.2

Action                   |  1- 3 |  4- 6 |  7- 9 | 10-12 | 13-15 | 16-18 || total
-------------------------+-------+-------+-------+-------+-------+-------++-------
Melee: Executioner's axe |     1 |       |       |       |     4 |     4 ||     9
  Use: Potion            |       |       |       |       |       |     1 ||     1
Dodge: Dodged            |       |       |       |       |       |     1 ||     1
